 Dungeon Crawl Stone Soup version 0.23-a0-175-g97aacdb306 (webtiles) character file.

9 Holzbalken the Cudgeler (level 2, -2/22 HPs)
             Began as a Demonspawn Gladiator on Sept 16, 2018.
             Slain by a hobgoblin
             ... wielding a cursed -1 club
              (5 damage)
             ... on level 1 of the Dungeon.
             The game lasted 00:01:10 (295 turns).

Holzbalken the Cudgeler (Demonspawn Gladiator)       Turns: 295, Time: 00:01:11

Health: -2/22      AC:  5    Str: 14    XL:     2   Next: 3%
Magic:  2/2        EV: 14    Int:  9    God:
Gold:   19         SH:  0    Dex: 14    Spells: 1/1 levels left

rFire    . . .     SeeInvis .   a - +0 flail
rCold    . . .     Gourm    .   (no shield)
rNeg     . . .     Faith    .   b - +0 leather armour
rPois    .         Spirit   .   j - +1 helmet
rElec    .         Reflect  .   (no cloak)
rCorr    .         Harm     .   (no gloves)
MR       .....                  (no boots)
Stlth    +.........             (no amulet)
HPRegen  0.07/turn              (no ring)
MPRegen  0.08/turn              (no ring)

@: no status effects
A: repulsion field 1
a: no special abilities


You were on level 1 of the Dungeon.
You were not hungry.

You visited 1 branch of the dungeon, and saw 1 of its levels.

You collected 19 gold pieces.

Inventory:

Hand Weapons
 a - a +0 flail (weapon)
Missiles
 d - 3 throwing nets (quivered)
Armour
 b - a +0 leather armour (worn)
 c - a +0 helmet
 j - a +1 helmet (worn)
Scrolls
 i - 2 scrolls of teleportation {unknown}
 k - a scroll of noise {unknown}
Potions
 e - a potion of lignification {unknown}
 g - a potion of might {unknown}
 l - a potion of haste {unknown}
Comestibles
 f - 3 rations
 h - 6 chunks of flesh


   Skills:
 - Level 2.0 Fighting
 + Level 3.2 Maces & Flails
 - Level 1.7 Throwing
 - Level 2.6 Dodging


You had one spell level left.
You didn't know any spells.
Your spell library was empty.

Dungeon Overview and Level Annotations

Branches:
Dungeon (1/15)

Altars:


Innate Abilities, Weirdness & Mutations

You are surrounded by a mild repulsion field. (EV +2)


Message History

Some of the chunks of flesh in your inventory have rotted away.
You open the door.
A hobgoblin comes into view. It is wielding a club.
There is an open door here.
The hobgoblin shouts!
The hobgoblin hits you with a club. The hobgoblin barely misses you.
The hobgoblin hits you but does no damage.
The hobgoblin hits you with a club. The hobgoblin hits you with a club.
* * * LOW HITPOINT WARNING * * *
The hobgoblin closely misses you. The hobgoblin hits you with a club.
* * * LOW HITPOINT WARNING * * *
The hobgoblin closely misses you. The hobgoblin barely misses you.
The hobgoblin completely misses you.
The hobgoblin hits you but does no damage.
The hobgoblin hits you with a club.
You die...

.....'......>...........'........
.....####################........
.....###### #...######.....###
..........# #................#
..........#### #.............##.#
.............###............)...#
.....#####....##............)..##
###### #....##g........###.#...
#....'.@#####'#.....####
##...#### #.....###... #...##.#
#.#...#+.... #...'..#
#....##..... ###### #...##.#
.####...... .....### #...##.###
#....... ##.....# #...##)..#
........ #.....# #...##.###
.......< #.....# ######.#
........


You could see a hobgoblin.

Vanquished Creatures
  3 goblins (D:1)
  2 hobgoblins (D:1)
  3 bats (D:1)
8 creatures vanquished.

Notes
Turn   | Place    | Note
-------+----------+-------------------------------------------
     0 | D:1      | Holzbalken the Demonspawn Gladiator began the quest for the
                  | Orb.
     0 | D:1      | Reached XP level 1. HP: 16/16 MP: 1/1
   106 | D:1      | Reached skill level 3 in Maces & Flails
   263 | D:1      | Gained mutation: You are surrounded by a mild repulsion
                  | field. (EV +2) [demonic ancestry]
   263 | D:1      | Reached XP level 2. HP: 18/22 MP: 2/2
   295 | D:1      | Slain by a hobgoblin

Vault maps used:
D:1:      lemuel_arrival_rhombus

Skill      XL: |  1 |
---------------+----+-----
Maces & Flails | 3 |  3.2
Fighting       | |  2.0
Throwing       | |  1.7
Dodging        | |  2.6

Action                   || total
-------------------------++-------
Melee: Flail             ||    34
Armor: Leather armour    ||    19
Dodge: Dodged            ||    41

Table legend:
 A = Non-vault XP
 B = Vault XP
 C = Vault XP percentage of total XP
 D = Non-vault monster count
 E = Vault monster count
 F = Vault count percentage of total count
                 A         B        C        D         E       F
            +---------+---------+-------+---------+---------+-------
      Total |      13 |       0 |   0.0 |       8 |       0 |   0.0
            +---------+---------+-------+---------+---------+-------
        D:1 |      13 |       0 |   0.0 |       8 |       0 |   0.0
            +---------+---------+-------+---------+---------+-------
